 Dungeon Crawl Stone Soup version 0.16.1-4-g8e1b745 (webtiles) character file.

135 Chiseanne the Vexing (level 4, 0/33 HPs)
             Began as a Mummy Arcane Marksman on Mar 27, 2015.
             Killed from afar by an orc wizard (13 damage)
             ... with a puff of flame
             ... on level 3 of the Dungeon.
             The game lasted 00:10:52 (2884 turns).

Chiseanne the Vexing (Mummy Arcane Marksman)        Turns: 2884, Time: 00:10:52

Health: 0/33       AC:  8    Str: 14    XL:     4   Next: 96%
Magic:  2/6        EV: 12    Int: 12    God:
Gold:   67         SH:  0    Dex: 12    Spells: 3 memorised, 0 levels left

rFire  x . .     SeeInvis .     q - +0 blowgun
rCold  + . .     Clarity  .     f - +1 robe
rNeg   + + +     SustAb   .     (no shield)
rPois  ∞         Gourm    .     (no helmet)
rElec  .         Spirit   .     g - +2 cloak
rCorr  .         Warding  .     (no gloves)
rMut   .         Stasis   .     (no boots)
MR     .....                    (no amulet)
Stlth  +.........               n - +2 ring of protection
                                h - ring of wizardry

@: not resistant to hostile enchantments, very unstealthy
A: no food or potions, fire vulnerability, restore body, cold resistance 1,
negative energy resistance 3, poison resistance, torment resistance, unbreathing
a: no special abilities


You were on level 3 of the Dungeon.
You were not hungry.

You visited 1 branch of the dungeon, and saw 3 of its levels.

You collected 67 gold pieces.

Inventory:

Hand weapons
 a - a +0 spear
 q - a +0 blowgun (weapon)
 w - a +1 hand crossbow
Missiles
 c - 8 bolts
 i - 35 poisoned needles (quivered)
 j - 51 arrows
 m - 4 poisoned arrows
Armour
 f - a +1 robe (worn)
 g - a +2 cloak (worn)
Jewellery
 e - an uncursed ring of stealth
 h - a ring of wizardry (left hand)
 n - a +2 ring of protection (right hand)
Magical devices
 l - a wand of digging (18)
Scrolls
 b - 2 scrolls of identify
 k - a scroll of remove curse
Books
 d - a book of Debilitation

   Spells                             Type                      Level
   a - Corona                         Hexes                        1
   b - Slow                           Hexes                        2
   c - Inner Flame                    Hexes/Fire                   3
   d - Enslavement                    Hexes                        4
   e - Cause Fear                     Hexes                        4
   f - Leda's Liquefaction            Hexes/Earth                  4


   Skills:
 * Level 1.7 Fighting
 * Level 2.6 Crossbows
 * Level 2.1 Dodging
 * Level 1.9 Spellcasting
 * Level 3.6 Hexes


You couldn't memorise any spells.
You knew the following spells:

 Your Spells              Type           Power        Failure   Level  Hunger
a - Corona                Hex            #......      3%          1    N/A
b - Slow                  Hex            #.......     4%          2    N/A
c - Inner Flame           Hex/Fire       #.......     19%         3    N/A

Dungeon Overview and Level Annotations

Branches:
Dungeon (3/15)

Altars:
Trog


Innate Abilities, Weirdness & Mutations

You do not eat or drink.
Your flesh is vulnerable to fire.
Your flesh is cold resistant.
You are immune to negative energy.
Your system is resistant to poisons.
You are immune to unholy pain and torment.
You can survive without breathing.


Message History

The orc wizard misses you.
Firing (i - inventory):
i - 37 poisoned needles (quivered)
Press: ? - help, Shift-Dir - straight line, f/p - orc
Aim: an orc, wielding a dagger You shoot a poisoned needle.
The poisoned needle closely misses the orc wizard.
The poisoned needle hits the orc!
The orc looks even sicker.
The orc is moderately wounded.
The orc wizard gestures at you while chanting.
The puff of flame hits you! The fire burns you terribly!
The orc wizard hits you but does no damage.
Firing (i - inventory):
i - 36 poisoned needles (quivered)
Press: ? - help, Shift-Dir - straight line, f/p - orc
Aim: an orc, wielding a dagger You shoot a poisoned needle.
The poisoned needle hits the orc wizard!
The orc wizard is severely wounded.
The orc wizard gestures at you while chanting.
The puff of flame hits you! The fire burns you terribly!
You die...

......##
###......#..##.###.##
.............####.##.##%#
#..# ####..#####...
.#....####)## ..# #.###
###........## #.#####.
#...........#..## .......
###[....##..##..# .......
###...#######..
..>...o###### ##.## ##.
.>....oooo@.######### ##
......g####....)....#######
..... #########........
.... ######### ... .


You could see an orc wizard, 4 orcs and a goblin.

Vanquished Creatures
  6 adders (D:2)
  A giant mite (D:3)
  A worm (D:2)
  A giant gecko (D:2)
  2 oozes (D:1)
  2 orcs
  4 giant cockroaches (D:1)
  9 hobgoblins
  3 quokkas
  7 bats
  3 giant newts (D:1)
  4 goblins
  10 jackals
  6 kobolds
  5 rats
64 creatures vanquished.

Notes
Turn   | Place    | Note
--------------------------------------------------------------
     0 | D:1      | Chiseanne, the Mummy Arcane Marksman, began the quest for the Orb.
     0 | D:1      | Reached XP level 1. HP: 15/15 MP: 2/2
   332 | D:1      | Reached skill level 3 in Hexes
   336 | D:1      | Reached XP level 2. HP: 14/21 MP: 1/3
  1175 | D:1      | Learned a level 2 spell: Slow
  1229 | D:1      | Reached XP level 3. HP: 26/26 MP: 4/4
  1779 | D:2      | Reached XP level 4. HP: 25/32 MP: 3/6
  2156 | D:2      | Found a bloodstained altar of Trog.
  2451 | D:2      | Learned a level 3 spell: Inner Flame
  2884 | D:3      | Killed from afar by an orc wizard

Action                   |  1- 3 |  4- 6 || total
-------------------------+-------+-------++-------
Melee: Spear             |     6 |    99 ||   105
 Fire: Hand crossbow     |    85 |     4 ||    89
       Blowgun           |       |     8 ||     8
 Cast: Corona            |    32 |    37 ||    69
       Slow              |       |     2 ||     2
  Use: Scroll            |     6 |     4 ||    10
